 Dungeon Crawl Stone Soup version 0.22-a0-587-g7d32d7c (console) character file.

169827 Es the Metallomancer (level 18, -13/118 HPs)
             Began as a Formicid Venom Mage on July 3, 2018.
             Was the Champion of Vehumet.
             Mangled by an Executioner (15 damage)
             ... on level 4 of the Abyss on July 4, 2018.
             The game lasted 02:28:51 (34462 turns).

Es the Metallomancer (Formicid Venom Mage)         Turns: 34462, Time: 02:28:52

Health: -13/118    AC: 14    Str: 17    XL:     18   Next: 61%
Magic:  10/37      EV: 13    Int: 22    God:    Vehumet [******]
Gold:   2062       SH: 14    Dex: 11    Spells: 9/47 levels left

rFire    + . .     SeeInvis +   a - +6 dagger {pierce, rPois rN+ Dex-3}
rCold    + . .     Gourm    .   I - +2 shield
rNeg     + . .     Faith    +   j - +5 robe of Catatonia {+Blink +Fly rPois MR+}
rPois    +         Spirit   .   (helmet unavailable)
rElec    .         Reflect  .   M - +0 cloak
rCorr    +         Harm     .   y - +2 pair of gloves {Str+3}
MR       ++...                  m - +2 pair of boots
Stlth    ++++......             x - amulet of faith
HPRegen  0.29/turn              Q - ring of Liberty {rCorr rF+ rC+ Dex+3}
MPRegen  0.25/turn              J - +4 ring of slaying

@: no status effects
A: permanent stasis, dig shafts and tunnels, four strong arms, antennae 3
a: Dig, Shaft Self, Renounce Religion, Evoke Flight


You were on level 4 of the Abyss.
You worshipped Vehumet.
Vehumet was exalted by your worship.
You were very hungry.

You visited 6 branches of the dungeon, and saw 28 of its levels.
You visited the Abyss 1 time.
You also visited: Ice Cave.

You collected 3345 gold pieces.
You spent 1283 gold pieces at shops.

Inventory:

Hand Weapons
 a - the +6 dagger of the Seer (weapon) {pierce, rPois rN+ Dex-3}
   (You found it on level 5 of the Dungeon)

   It inflicts extra damage upon your enemies.
   It affects your dexterity (-3).
   It protects you from poison.
   It protects you from negative energy.
 b - the +10 hunting sling "Gram" {flame, *Corrode rC+++ MR++ Str-4}
   (You found it on level 9 of the Dungeon)

   It causes projectiles fired from it to burn those they strike, causing extra
   injury to most foes and up to half again as much damage against particularly
   susceptible opponents.
   It affects your strength (-4).
   It renders you almost immune to cold.
   It affects your resistance to hostile enchantments.
   It may corrode you when you take damage.
 d - a +0 demon whip of venom
 h - a +0 scimitar of electrocution
 k - a +4 vampiric executioner's axe
 n - a +0 quick blade
 t - a +2 eveningstar of holy wrath
 A - a +0 rapier of electrocution
 B - a +0 scimitar of holy wrath
 H - a +6 vampiric long sword
Missiles
 g - 224 sling bullets {=g}
 l - 71 arrows
 W - 37 stones (quivered)
Armour
 e - a +0 chain mail of positive energy
 j - the +5 robe of Catatonia (worn) {+Blink +Fly rPois MR+}
   (You found it on level 2 of the Elven Halls)

   It protects you from poison.
   It affects your resistance to hostile enchantments.
   It lets you fly.
   It lets you blink.
 m - a +2 pair of boots (worn)
 y - a +2 pair of gloves of strength (worn)
 I - a +2 shield (worn)
 K - a +0 leather armour of fire resistance
 M - a +0 cloak (worn)
 V - a +1 large shield of reflection
Jewellery
 w - the ring "Atoelasu" {rElec rPois rF+ MR- Str+4}
   (You found it on level 14 of the Dungeon)

   [ring of protection from fire]

   It affects your strength (+4).
   It protects you from fire.
   It insulates you from electricity.
   It protects you from poison.
   It affects your resistance to hostile enchantments.
 x - an amulet of faith (around neck)
 D - the ring of Shadows {Umbra +Inv Stlth+}
   (You bought it in a shop on level 2 of the Orcish Mines)

   [ring of stealth]

   It lets you turn invisible.
   It makes you more stealthy.
 G - a +4 ring of dexterity
 J - a +4 ring of slaying (right hand)
 Q - the ring of Liberty (left hand) {rCorr rF+ rC+ Dex+3}
   (You bought it in a shop on level 2 of the Orcish Mines)

   [ring of resist corrosion]

   It affects your dexterity (+3).
   It protects you from fire.
   It protects you from cold.
Wands
 o - a wand of iceblast (7)
 C - a wand of polymorph (8)
 E - a wand of paralysis (46)
 R - a wand of enslavement (29)
 U - a wand of acid (30)
Scrolls
 u - 2 scrolls of fog
 v - a scroll of fear
 z - a scroll of magic mapping
 O - 7 scrolls of identify
 S - a scroll of summoning
 Y - 12 scrolls of remove curse
Potions
 f - 14 potions of curing
 i - 5 potions of ambrosia
 q - 5 potions of might
 s - 2 potions of agility
 F - 2 potions of cancellation
 L - 7 potions of heal wounds
 P - 3 potions of invisibility
 T - a potion of resistance
Miscellaneous
 p - 2 phantom mirrors
 r - a lightning rod (4/4)
Comestibles
 c - 39 rations


   Skills:
 - Level 4.0 Fighting
 - Level 10.0 Short Blades
 - Level 4.0 Armour
 - Level 4.0 Dodging
 - Level 10.0 Stealth
 + Level 10.9 Shields
 * Level 15.0 Spellcasting
 - Level 1.0 Conjurations
 + Level 23.9 Earth Magic
 - Level 6.0 Poison Magic


You had 9 spell levels left.
You knew the following spells:

 Your Spells              Type           Power        Failure   Level  Hunger
g - Ignite Poison         Fire/Tmut/Pois ####....     1%          3    None
i - Iron Shot             Conj/Erth      ######....   1%          6    #####..
m - Mephitic Cloud        Conj/Pois/Air  ####....     1%          3    None
r - Regeneration          Chrm/Necr      ###.......   11%         3    None
v - Poisonous Vapours     Pois/Air       ####..       1%          2    None
A - Stone Arrow           Conj/Erth      ######       1%          3    None
H - Shatter               Erth           #######...   5%          9    #######
L - Lee's Rapid Deconstr  Erth           #######...   0%          5    ###....
R - Olgreb's Toxic Radia  Pois           #####...     1%          4    None

Your spell library contained the following spells:

 Spells                   Type           Power        Failure   Level  Hunger
 Magic Dart               Conj           ###.         1%          1    None
 Bolt of Cold             Conj/Ice       ###.......   71%         6    #####..
 Bolt of Magma            Conj/Fire/Erth ######....   1%          5    ###....
 Confuse                  Hex            ###.....     11%         3    None
 Freezing Cloud           Conj/Ice/Air   ###.......   71%         6    #####..
 Venom Bolt               Conj/Pois      ####......   7%          5    ###....
 Summon Small Mammal      Summ           ###.         3%          1    None
 Bolt of Draining         Conj/Necr      ###.......   21%         5    ###....
 Iskenderun's Mystic Bla  Conj           ###.....     7%          4    None
 Vampiric Draining        Necr           ###.......   11%         3    None
 Ozocubu's Refrigeration  Ice            ###.......   77%         6    #####..
 Dispel Undead            Necr           ###.....     69%         5    ###....
 Sting                    Conj/Pois      ####         1%          1    None
 Sublimation of Blood     Necr           ###.......   5%          2    None
 Tukima's Dance           Hex            ###.....     11%         3    None
 Corpse Rot               Necr           N/A          5%          2    None
 Agony                    Necr           ###.....     69%         5    ###....
 Spider Form              Tmut/Pois      ####......   3%          3    None
 Blade Hands              Tmut           ###.......   69%         5    ###....
 Statue Form              Tmut/Erth      ######...    4%          6    #####..
 Ice Form                 Ice/Tmut       ###.....     34%         4    None
 Sticks to Snakes         Tmut           ###.....     5%          2    None
 Ensorcelled Hibernation  Hex/Ice        ###...       5%          2    None
 Metabolic Englaciation   Hex/Ice        ###.......   69%         5    ###....
 Corona                   Hex            ###....      3%          1    None
 Simulacrum               Ice/Necr       ###.......   99%         6    #####..
 Excruciating Wounds      Chrm/Necr      ###.......   69%         5    ###....
 Malign Gateway           Summ/Tloc      ###.......   100%        7    ######.
 Leda's Liquefaction      Hex/Erth       ######....   1%          4    None
 Beastly Appendage        Tmut           ###...       3%          1    None
 Fulminant Prism          Conj/Hex       ###.......   8%          4    None
 Dazzling Spray           Conj/Hex       ###...       2%          3    None
 Force Lance              Conj/Tloc      ###.....     8%          4    None
 Searing Ray              Conj           ###...       1%          2    None


Dungeon Overview and Level Annotations

Branches:
Dungeon (15/15)            Temple (1/1) D:6            Lair (6/6) D:9
  Swamp (0/4) Lair:3        Snake (1/4) Lair:2        Slime (0/5) Lair:6
    Orc (2/2) D:9             Elf (3/3) Orc:2        Vaults (0/5) D:14
 Depths (0/5) D:15

Altars:
Ashenzari
Cheibriados
Dithmenos
Elyvilon
Fedhas
Gozag
Hepliaklqana
Kikubaaqudgha
Makhleb
Nemelex Xobeh
Okawaru
Qazlal
Ru
Sif Muna
Trog
Uskayaw
Vehumet
Wu Jian
Xom
Yredelemnul
Zin
The Shining One
Beogh

Shops:
D:4 !   D:13 ?   Orc:1 [   Orc:2 [*(=   Elf:1 =   Elf:2 ?

Annotations:
Lair:1 1 runed door, MrDiskord's ghost, journeyman FeBe
Elf:3 27 runed doors, 1 exclusion


Innate Abilities, Weirdness & Mutations

You cannot be hasted, slowed, berserked, paralysed or teleported.
You can dig through walls and to a lower floor.
Your four strong arms can wield two-handed weapons with a shield.
You have a pair of large antennae on your head. (SInv)


Message History

The Executioner hits you.
* * * LOW HITPOINT WARNING * * *
You block the Executioner's attack. The Executioner misses you.
The Executioner hits you but does no damage.
There is a gateway leading deeper into the Abyss here.
Unknown command.
You block the Executioner's attack.
The Executioner hits you but does no damage.
You block the Executioner's attack. The freezing wraith hits you!
* * * LOW HITPOINT WARNING * * *
The freezing wraith freezes you! You resist.
* * * LOW HITPOINT WARNING * * *
The freezing wraith completely misses you.
You block the Executioner's attack.
The Executioner hits you but does no damage.
The Executioner barely misses you. You block the Executioner's attack.
The Executioner hits you.
* * * LOW HITPOINT WARNING * * *
You block the Executioner's attack. The Executioner hits you!
You die...

#...# # #.# .# .
#..##...##.##.# #
#...###.#...# ##
#..#.).....#
#.##..##..#.... .
....#...#.##...
ยง......#.W.#.. .
.#..#...#1#.##.##
#...#.#..@.......
.## #
##.######... #
#.## . . # { {


You could see an Executioner and a freezing wraith.

Vanquished Creatures
  Asterion (Elf:2)
  A deep elf blademaster (Elf:2)
  Agnes (D:14)
  An Executioner (Abyss:4)
  A tentacled starspawn (Abyss:4)
  Donald (Orc:2)
  Gastronok (Lair:1)
  An orc warlord (Orc:2)
  A deep elf elementalist (Elf:3)
  A deep elf demonologist (Elf:1)
  3 deep elf annihilators (Elf:3)
  2 fire dragons (D:15)
  2 deep elf high priests
  7 hydras
  2 naga warriors (Snake:1)
  A vault guard (D:14)
  2 catoblepae
  A death knight (D:14)
  27 dancing weapons
  2 anacondas (Snake:1)
  4 two-headed ogres
  3 orc high priests (Orc:2)
  A deep troll shaman (Lair:6)
  4 tengu warriors
  3 death yaks (Lair:6)
  3 naga sharpshooters (Snake:1)
  A shock serpent (Snake:1)
  17 deep elf knights
  Sonja (Lair:2)
  2 wretched stars (Abyss:4)
  8 skeletal warriors
  3 unseen horrors
  A glowing orange brain (Abyss:4)
  2 naga ritualists (Snake:1)
  A phantasmal warrior (D:13)
  7 deep elf archers
  A necromancer (Lair:3)
  53 deep elf magi
  4 harpies (D:14)
  3 orc knights
  3 oklob plants
  4 mana vipers (Snake:1)
  6 orc sorcerers (Orc:2)
  5 ugly things
  The ghost of royokou the Conjurer, a novice DrCj of Yredelemnul (D:9)
  A salamander (Snake:1)
  10 elephants
  2 manticores
  A cyclops (D:14)
  3 ice statues (IceCv)
  12 black mambas
  Joseph (D:7)
  2 gargoyles
  3 naga magi (Snake:1)
  11 spiny frogs
  3 centaur skeletons
  An efreet (Abyss:4)
  3 rime drakes
  A kobold demonologist (D:14)
  6 komodo dragons
  A freezing wraith (D:15)
  An ancient zyme (Abyss:4)
  5 trolls
  3 tengu conjurers
  The ghost of Ousak the Covert, a novice SpAs of Dithmenos (D:6)
  A harpy skeleton (D:14)
  8 blink frogs
  6 dream sheep (Lair:5)
  2 large abominations (Abyss:4)
  6 slime creatures
  11 hippogriffs
  2 vampires
  An air elemental (Elf:2)
  3 water elementals
  3 wraiths
  2 hungry ghosts
  3 fire elementals
  9 wyverns
  39 yaks
  3 basilisks
  Grum (Lair:1)
  Menkaure (D:4)
  A small abomination (Abyss:4)
  3 vampire mosquitoes (D:15)
  8 nagas
  3 wargs
  A soldier ant (D:14)
  12 water moccasins
  5 porcupines
  2 hell hounds (Lair:6)
  31 orc warriors
  5 sky beasts
  3 black bears
  3 phantoms
  19 ice beasts
  A necrophage (D:10)
  5 ogres
  2 elephant zombies (Lair:3)
  13 centaurs
  28 wolves
  10 crocodiles
  2 big kobolds
  20 bullfrogs
  An earth elemental (Elf:1)
  A water moccasin zombie (D:10)
  A wyvern skeleton (D:7)
  A water moccasin skeleton (D:5)
  5 scorpions
  13 killer bees
  9 wights
  4 electric eels
  2 crimson imps
  6 howler monkeys
  A centaur zombie (D:5)
  2 bullfrog zombies
  2 quasits
  4 jellies
  26 orc wizards
  2 gnoll shamans (D:6)
  7 hounds
  25 orc priests
  A bullfrog skeleton (D:9)
  5 iguanas
  7 worker ants
  2 crocodile zombies (Lair:3)
  2 hound zombies
  A hound skeleton (D:6)
  A worker ant zombie (D:9)
  20 gnolls
  A howler monkey skeleton (D:4)
  14 adders
  3 shadow imps
  An ooze (D:1)
  2 adder zombies
  2 adder skeletons
  2 worms
  2 dart slugs
  5 leopard geckos
  99 orcs
  2 ball pythons
  5 giant cockroaches
  8 goblins
  6 hobgoblins
  15 jackals
  3 quokkas
  7 bats
  6 frilled lizards
  19 kobolds
  8 rats
  A bush (Lair:2)
  10 fungi
  2 plants
923 creatures vanquished.

Vanquished Creatures (others)
  A two-headed ogre (D:12)
  9 fungi
  A lurking horror (Abyss:4)
  5 plants
  2 starspawn tentacles (Abyss:4)
  10 toadstools (Lair:2)
28 creatures vanquished.

Grand Total: 951 creatures vanquished

Notes
Turn   | Place    | Note
-------+----------+-------------------------------------------
     0 | D:1      | Es the Formicid Venom Mage began the quest for the Orb.
     0 | D:1      | Reached XP level 1. HP: 13/13 MP: 3/3
   140 | D:1      | Reached skill level 1 in Conjurations
   245 | D:1      | Reached XP level 2. HP: 19/19 MP: 3/5
   249 | D:1      | Learned a level 2 spell: Poisonous Vapours
   674 | D:1      | Reached XP level 3. HP: 24/24 MP: 4/7
   679 | D:1      | Learned a level 3 spell: Mephitic Cloud
  1141 | D:2      | Reached XP level 4. HP: 30/30 MP: 0/8
  1518 | D:2      | Found a shadowy altar of Dithmenos.
  1588 | D:2      | Reached skill level 5 in Poison Magic
  1588 | D:2      | Reached XP level 5. HP: 27/35 MP: 0/11
  2048 | D:3      | Learned a level 4 spell: Olgreb's Toxic Radiance
  2258 | D:3      | Noticed a bullfrog
  2265 | D:3      | Killed a bullfrog
  2265 | D:3      | Reached skill level 5 in Spellcasting
  2265 | D:3      | Reached XP level 6. HP: 29/41 MP: 5/13
  2630 | D:4      | Noticed Menkaure
  2665 | D:4      | Found a white marble altar of Elyvilon.
  2673 | D:4      | Found a deep blue altar of Sif Muna.
  2763 | D:4      | Noticed a phantom
  2823 | D:4      | Reached XP level 7. HP: 43/46 MP: 12/16
  3609 | D:4      | Reached skill level 1 in Armour
  3609 | D:4      | Reached XP level 8. HP: 46/53 MP: 18/18
  3749 | D:4      | Reached skill level 1 in Fighting
  4018 | D:4      | Found Tezxute's Distillery.
  4021 | D:4      | Bought a potion of curing for 42 gold pieces
  4021 | D:4      | Bought a potion of heal wounds for 70 gold pieces
  4021 | D:4      | Bought 2 potions of flight for 84 gold pieces
  4306 | D:5      | Entered Level 5 of the Dungeon
  4994 | D:5      | Found a sparkling altar of Nemelex Xobeh.
  5679 | D:5      | Got a shimmering dagger
  5680 | D:5      | Identified the +6 dagger of the Seer {pierce, rPois rN+ Dex-3} (You found it on level 5 of the Dungeon)
  5914 | D:6      | Reached skill level 1 in Short Blades
  5967 | D:6      | Found a staircase to the Ecumenical Temple.
  5979 | Temple   | Entered the Ecumenical Temple
  5984 | Temple   | Became a worshipper of Vehumet
  6057 | D:6      | Reached XP level 9. HP: 62/62 MP: 15/21
  6197 | D:6      | Found a runed door.
  6197 | D:6      | Noticed Ousak's ghost (novice SpAs)
  6336 | D:6      | Reached * piety under Vehumet
  6336 | D:6      | Offered knowledge of Flame Tongue by Vehumet.
  6741 | D:6      | Killed Ousak's ghost
  6852 | D:4      | Killed Menkaure
  7189 | D:7      | Reached skill level 5 in Stealth
  7189 | D:7      | Reached skill level 1 in Shields
  7274 | D:7      | Noticed Joseph
  7275 | D:7      | Reached XP level 10. HP: 69/71 MP: 12/22
  7292 | D:7      | Killed Joseph
  7292 | D:7      | Reached skill level 5 in Short Blades
  7723 | D:8      | Reached ** piety under Vehumet
  7762 | D:8      | Offered knowledge of Throw Frost by Vehumet.
  7773 | D:8      | Found a shattered altar of Ashenzari.
  8407 | D:8      | Found a sparkling altar of Nemelex Xobeh.
  8723 | D:9      | Noticed a manticore
  9132 | D:9      | Got a pitted scale mail
  9143 | D:9      | Offered knowledge of Throw Flame by Vehumet.
  9172 | D:9      | Found a shattered altar of Ashenzari.
  9177 | D:9      | Noticed a two-headed ogre
  9198 | D:9      | Killed a two-headed ogre
  9209 | D:9      | Killed a manticore
  9209 | D:9      | Reached XP level 11. HP: 77/77 MP: 5/24
  9232 | D:9      | Found a staircase to the Lair.
  9253 | D:9      | Reached *** piety under Vehumet
  9298 | D:9      | Found a staircase to the Orcish Mines.
  9340 | D:9      | Reached skill level 10 in Spellcasting
  9372 | D:9      | Found a runed door.
  9372 | D:9      | Noticed royokou's ghost (novice DrCj)
  9586 | D:9      | Offered knowledge of Ignite Poison by Vehumet.
  9594 | D:9      | Learned a level 3 spell: Ignite Poison
  9637 | Lair:1   | Entered Level 1 of the Lair of Beasts
  9703 | D:9      | Found an iron altar of Okawaru.
  9719 | D:9      | Found an opulent altar of Gozag.
  9723 | D:9      | Found a glowing golden altar of the Shining One.
  9918 | D:9      | Got a smoking hunting sling
 10068 | Orc:1    | Entered Level 1 of the Orcish Mines
 10068 | Orc:1    | Found Diwepsy's Armour Shoppe.
 10077 | Orc:1    | Found a burning altar of Makhleb.
 10597 | Orc:2    | Entered Level 2 of the Orcish Mines
 10597 | Orc:2    | Found a staircase to the Elven Halls.
 10597 | Orc:2    | Noticed Donald
 10610 | Orc:1    | Reached **** piety under Vehumet
 10651 | Orc:1    | Offered knowledge of Stone Arrow by Vehumet.
 10656 | Orc:1    | Learned a level 3 spell: Stone Arrow
 10679 | Orc:2    | Noticed an orc sorcerer
 10734 | Orc:2    | Killed Donald
 10734 | Orc:2    | Reached skill level 10 in Short Blades
 10734 | Orc:2    | Reached skill level 10 in Stealth
 10734 | Orc:2    | Reached skill level 3 in Earth Magic
 10763 | Orc:2    | Reached skill level 4 in Earth Magic
 10927 | Orc:2    | Found a roughly hewn altar of Beogh.
 10932 | Orc:2    | Killed an orc sorcerer
 10932 | Orc:2    | Reached skill level 5 in Earth Magic
 10932 | Orc:2    | Reached XP level 12. HP: 69/83 MP: 18/26
 10948 | Orc:2    | Reached skill level 6 in Earth Magic
 10960 | Orc:2    | Noticed an orc high priest
 11066 | Orc:2    | Reached skill level 7 in Earth Magic
 11096 | Orc:2    | Reached skill level 8 in Earth Magic
 11099 | Orc:2    | Killed an orc high priest
 11099 | Orc:2    | Reached skill level 9 in Earth Magic
 11239 | Orc:2    | Reached ***** piety under Vehumet
 11256 | Orc:2    | Noticed an orc high priest
 11261 | Orc:2    | Killed an orc high priest
 11265 | Orc:2    | Offered knowledge of Lee's Rapid Deconstruction by Vehumet.
 11270 | Orc:2    | Noticed an orc warlord
 11286 | Orc:1    | Learned a level 5 spell: Lee's Rapid Deconstruction
 11468 | Orc:2    | Reached skill level 10 in Earth Magic
 11474 | Orc:2    | Killed an orc warlord
 11484 | Orc:2    | Reached skill level 11 in Earth Magic
 11872 | Orc:2    | Noticed an orc high priest
 11876 | Orc:2    | Killed an orc high priest
 11876 | Orc:2    | Reached skill level 12 in Earth Magic
 12011 | Orc:2    | Found Gisovai's General Store.
 12012 | Orc:2    | Found Oschuejea's Jewellery Shop.
 12013 | Orc:2    | Found Elesy's Antique Armour Boutique.
 12013 | Orc:2    | Found Jodiets's Antique Weapon Boutique.
 12027 | Orc:2    | Bought a potion of brilliance for 40 gold pieces
 12028 | Orc:2    | Bought the ring of Liberty {rCorr rF+ rC+ Dex+3} for 567 gold pieces
 12096 | Orc:2    | Reached XP level 13. HP: 88/88 MP: 18/27
 12456 | Orc:2    | Bought the ring of Shadows {Umbra +Inv Stlth+} for 480 gold pieces
 12456 | Orc:2    | Found the ring of Shadows {Umbra +Inv Stlth+}
 12597 | Lair:1   | Identified the +10 hunting sling "Gram" {flame, *Corrode rC+++ MR++ Str-4} (You found it on level 9 of the Dungeon)
 12705 | Lair:1   | Reached skill level 5 in Shields
 12950 | Lair:1   | Noticed Gastronok
 12960 | Lair:1   | Killed Gastronok
 13119 | Lair:1   | Found a runed door.
 13119 | Lair:1   | Noticed MrDiskord's ghost (journeyman FeBe)
 13221 | Lair:1   | Noticed Grum
 13231 | Lair:1   | Killed Grum
 13231 | Lair:1   | Reached skill level 13 in Earth Magic
 13564 | Lair:2   | Found a staircase to the Snake Pit.
 13571 | Lair:2   | Offered knowledge of Bolt of Magma by Vehumet.
 13644 | Lair:2   | Noticed a five-headed hydra
 13647 | Lair:2   | Killed a five-headed hydra
 13688 | Lair:2   | Noticed Sonja
 13693 | Lair:2   | Killed Sonja
 13968 | Lair:2   | Found a blossoming altar of Fedhas.
 14111 | Lair:3   | Reached skill level 14 in Earth Magic
 14307 | Lair:3   | Found a frozen archway.
 14497 | IceCv    | Entered an ice cave
 14576 | IceCv    | Got an encrusted long sword
 14599 | IceCv    | Learned a level 9 spell: Shatter
 14808 | IceCv    | Reached XP level 14. HP: 86/95 MP: 17/28
 14904 | IceCv    | Reached skill level 15 in Earth Magic
 15445 | Lair:3   | Found a staircase to the Swamp.
 15460 | Lair:3   | Identified the +6 long sword of Dust {freeze, rF- rC+ MR+} (You found it in an ice cave)
 15958 | Lair:1   | Identified the +3 scale mail of Going Fast {rF+ rN++ Int-2} (You took it off an orc on level 9 of the Dungeon)
 16308 | Lair:4   | Reached skill level 16 in Earth Magic
 17648 | Lair:6   | Entered Level 6 of the Lair of Beasts
 17657 | Lair:6   | Reached ****** piety under Vehumet
 17657 | Lair:6   | Offered knowledge of Bolt of Fire by Vehumet.
 17657 | Lair:6   | Reached skill level 17 in Earth Magic
 18186 | Lair:6   | Reached XP level 15. HP: 78/100 MP: 18/30
 18441 | Lair:6   | Found a staircase to the Slime Pits.
 18445 | Lair:6   | Reached skill level 18 in Earth Magic
 18907 | Lair:6   | Offered knowledge of Bolt of Draining by Vehumet.
 19182 | Lair:6   | Identified a scroll of acquirement
 19885 | D:9      | Killed royokou's ghost
 19924 | D:10     | Entered Level 10 of the Dungeon
 19979 | D:10     | Reached skill level 19 in Earth Magic
 20627 | D:11     | Found an opulent altar of Gozag.
 21926 | D:12     | Reached skill level 20 in Earth Magic
 22414 | D:13     | Found Hywewoed's Magic Scroll Shoppe.
 23187 | D:14     | Noticed Agnes
 23198 | D:14     | Killed Agnes
 23304 | D:14     | Reached XP level 16. HP: 106/106 MP: 22/31
 23331 | D:14     | Offered knowledge of Conjure Ball Lightning by Vehumet.
 23894 | D:9      | You fall through a shaft!
 23897 | D:10     | You fall through a shaft for 2 floors!
 24069 | D:14     | Reached skill level 21 in Earth Magic
 24121 | D:14     | Found a burning altar of Makhleb.
 24718 | D:14     | Got a vibrating iron ring
 24720 | D:14     | Identified the ring "Atoelasu" {rElec rPois rF+ MR- Str+4} (You found it on level 14 of the Dungeon)
 24889 | D:14     | Found a gate to the Vaults.
 24983 | D:15     | Entered Level 15 of the Dungeon
 25733 | D:15     | Found a deep blue altar of Sif Muna.
 25881 | D:15     | Found a staircase to the Depths.
 26163 | Snake:1  | Entered Level 1 of the Snake Pit
 26216 | Snake:1  | Reached skill level 22 in Earth Magic
 26542 | Snake:1  | Offered knowledge of Spellforged Servitor by Vehumet.
 27447 | Elf:1    | Entered Level 1 of the Elven Halls
 27522 | Elf:1    | Reached XP level 17. HP: 111/111 MP: 33/33
 27616 | Elf:1    | Found Ihotow's Jewellery Shop.
 27680 | Elf:1    | Got a steaming rapier
 28102 | Elf:1    | Reached skill level 23 in Earth Magic
 29740 | Elf:2    | Identified the Papyrus of Supportive Unholy Magic
 29746 | Elf:2    | Learned a level 3 spell: Regeneration
 29864 | Elf:2    | Found Jacanoor's Magic Scroll Shoppe.
 29875 | Elf:2    | Got a ripped robe
 29886 | Elf:2    | Identified the +5 robe of Catatonia {+Blink +Fly rPois MR+} (You found it on level 2 of the Elven Halls)
 29892 | Elf:2    | Identified the +2 rapier of Masiod {vamp, Dex-4 SInv Stlth+} (You found it on level 1 of the Elven Halls)
 29938 | Elf:2    | Found a runed gate.
 29938 | Elf:2    | Found a runed gate.
 29938 | Elf:2    | Found a runed gate.
 30843 | Elf:2    | Noticed Asterion
 30998 | Elf:2    | Killed Asterion
 31452 | Elf:2    | Offered knowledge of Poison Arrow by Vehumet.
 31577 | Elf:2    | Learned a level 6 spell: Iron Shot
 31654 | Elf:2    | Noticed a deep elf blademaster
 31699 | Elf:2    | Reached XP level 18. HP: 102/118 MP: 2/36
 31784 | Elf:2    | Killed a deep elf blademaster
 32312 | Elf:2    | Reached skill level 10 in Shields
 32517 | Elf:3    | Entered Level 3 of the Elven Halls
 33148 | Elf:3    | Found a deep blue altar of Sif Muna.
 33245 | Elf:3    | Found a huge runed gate.
 33245 | Elf:3    | Found a huge runed gate.
 33246 | Elf:3    | Found a huge runed gate.
 33251 | Elf:3    | Found a huge runed gate.
 33251 | Elf:3    | Found a huge runed gate.
 33251 | Elf:3    | Found a huge runed gate.
 33251 | Elf:3    | Found a huge runed gate.
 33252 | Elf:3    | Found a huge runed gate.
 33252 | Elf:3    | Found a huge runed gate.
 33255 | Elf:3    | Found a huge runed gate.
 33255 | Elf:3    | Found a huge runed gate.
 33255 | Elf:3    | Found a huge runed gate.
 33262 | Elf:3    | Found a huge runed gate.
 33262 | Elf:3    | Found a huge runed gate.
 33262 | Elf:3    | Found a huge runed gate.
 33262 | Elf:3    | Found a huge runed gate.
 33262 | Elf:3    | Found a huge runed gate.
 33262 | Elf:3    | Found a huge runed gate.
 33262 | Elf:3    | Found a huge runed gate.
 33591 | Elf:3    | Found a huge runed gate.
 33591 | Elf:3    | Found a huge runed gate.
 33591 | Elf:3    | Found a huge runed gate.
 33591 | Elf:3    | Found a huge runed gate.
 33591 | Elf:3    | Found a huge runed gate.
 33592 | Elf:3    | Found a huge runed gate.
 33840 | Elf:3    | Found a huge runed gate.
 33841 | Elf:3    | Found a huge runed gate.
 34104 | Elf:3    | Cast into level 4 of the Abyss (a deep elf sorcerer)
 34412 | Abyss:4  | Noticed an Executioner
 34415 | Abyss:4  | Killed an Executioner
 34415 | Abyss:4  | Offered knowledge of Lehudib's Crystal Spear by Vehumet.
 34415 | Abyss:4  | Offered knowledge of Fire Storm by Vehumet.
 34415 | Abyss:4  | Offered knowledge of Tornado by Vehumet.
 34415 | Abyss:4  | Reached skill level 15 in Spellcasting
 34455 | Abyss:4  | Noticed an Executioner
 34461 | Abyss:4  | HP: 3/118 [freezing wraith (7)]
 34462 | Abyss:4  | Mangled by an Executioner

Vault maps used:
D:1:      grunt_arrival_crossed_arrows, fountainhead, minmay_misc_feat_cross
D:2:      grunt_dithmenos_smoke_and_mirrors, columned_hall_lemuel,
          kennysheep_generic_room_13
D:4:      chequers_temple_overflow_statue_of_worship, serial_shops,
          nicolae_shop_behind_doors, first_ration, grunt_ministairs_2,
          st_stairs_13, kennysheep_dice, uniq_menkaure
D:5:      basic_altar
D:6:      temple_pool_b, hellmonk_ghost_happy_afterlife, bh_walls_and_bars
D:7:      minmay_holes, uniq_joseph
D:8:      cheibrodos_ashenzari_chains, basic_altar
D:9:      minmay_overflow_temple_star_quad, ebering_ghost_reflecting_pool,
          basic_altar, minmay_misc_feat_tiny, corner_web_ring
D:11:     basic_altar
D:12:     grunt_ogre_cave
D:13:     serial_shops, kennysheep_mini_moat, nooodl_food_tri
D:14:     david_vaults_5, basic_altar, minmay_crystal_water, hangedman_aviary,
          uniq_agnes
D:15:     grunt_enter_depths_hoard, lemuel_blue_sif_altar
Temple:   minmay_freezing_vapour_temple
Lair:1:   ebering_ghost_inner_flame, uniq_grum, uniq_gastronok
Lair:2:   guppyfry_snake_entry_garden, tgw_fedhas, uniq_sonja
Lair:3:   pond_and_an_island_with_a_cottage, swamp_mist,
          portal_ice_cave_entry_ice_beasts, infiniplex_staircase_pool_2,
          serial_bayou_shore_b
Lair:6:   grunt_lair_end_beastmaster, minmay_slime_entry_oklob_enclosed,
          special_room, serial_bayou_shore_b
Orc:1:    serial_shops, shop_fountains, basic_altar
Orc:2:    st_orc_congregation, basic_altar, uniq_donald
Elf:1:    eino_elf_arrival_customs, serial_shops, shop,
          kennysheep_underground_church, st_stairs_4
Elf:2:    serial_shops, shop, feat_on_display, uniq_asterion
Elf:3:    minmay_elf_hall_dome, st_stairs_1, eino_tiny_chamber,
          hangedman_feature_mirror, hangedman_elf_targetted_burst,
          corexii_checkpoint_b, not_door_vault_due
Abyss:4:  evilmike_nicolae_abyss_rune_betentacled_crabyss
IceCv:    ice_cave_statue_garden_chambered

Skill      XL: |  1  2  3  4  5  6  7  8  9 10 11 12 13 14 15 16 17 18 |
---------------+-------------------------------------------------------+-----
Conjurations   | 1 |  1.0
Dodging        | 2 3 4 |  4.0
Stealth        | 3 5 7 10 | 10.0
Spellcasting   | 3 4 5 6 7 8 9 10 11 12 14 15 | 15.0
Poison Magic   | 5 6 |  6.0
Armour         | 1 3 4 |  4.0
Fighting       | 2 4 |  4.0
Short Blades   | 1 4 8 10 | 10.0
Shields        | 1 2 3 9 10 | 10.9
Earth Magic    | 5 12 14 17 20 22 23 | 23.9

Action                   |  1- 3 |  4- 6 |  7- 9 | 10-12 | 13-15 | 16-18 || total
-------------------------+-------+-------+-------+-------+-------+-------++-------
Melee: Dagger            |    25 |    10 |   162 |   217 |   489 |   178 ||  1081
       Short sword       |       |    32 |   109 |       |       |       ||   141
 Fire: Hunting sling     |       |       |       |       |    15 |       ||    15
 Cast: Sting             |     9 |       |       |       |       |       ||     9
       Poisonous Vapours |    20 |    60 |    66 |    82 |    92 |    62 ||   382
       Olgreb's Toxic Ra |       |     3 |    21 |    69 |    78 |    58 ||   229
       Mephitic Cloud    |       |       |     2 |    15 |     4 |     3 ||    24
       Ignite Poison     |       |       |       |    27 |    49 |    45 ||   121
       Lee's Rapid Decon |       |       |       |       |    97 |   112 ||   209
       Stone Arrow       |       |       |       |       |    26 |    40 ||    66
       Shatter           |       |       |       |       |       |    37 ||    37
       Iron Shot         |       |       |       |       |       |    32 ||    32
       Regeneration      |       |       |       |       |       |    14 ||    14
 Abil: Dig               |     1 |     3 |     7 |     5 |    18 |    23 ||    57
       Shaft Self        |       |       |       |       |       |     2 ||     2
Evoke: Wand              |       |       |       |     1 |       |     7 ||     8
  Use: Potion            |       |       |     1 |       |       |     5 ||     6
       Scroll            |       |       |       |    14 |    12 |     5 ||    31
 Stab: Sleeping          |       |       |     6 |     5 |    13 |     1 ||    25
       Confused          |       |       |       |     2 |       |       ||     2
       Distracted        |       |       |       |       |     1 |     3 ||     4
       Petrified         |       |       |       |       |     6 |       ||     6
  Eat: Chunk             |     1 |     9 |    18 |    16 |    47 |    33 ||   124
       Ration            |       |       |       |     1 |     3 |    17 ||    21
Armor: Robe              |     3 |    12 |    45 |    33 |    71 |    37 ||   201
       Troll leather arm |       |       |       |       |     3 |       ||     3
Dodge: Dodged            |    21 |    31 |   147 |   114 |   140 |    81 ||   534
Block: Buckler           |       |       |       |    18 |       |       ||    18
       Shield            |       |       |       |       |   167 |   112 ||   279

Table legend:
 A = Spawn XP
 B = Non-spawn XP
 C = Spawn XP percentage of total XP
 D = Spawn monster count
 E = Non-spawn monster count
 F = Spawn count percentage of total count
 G = Total turns spent on level
                    A         B        C        D         E        F      G
               +---------+---------+-------+---------+---------+-------+---------
         Total |    3593 |  239018 |   1.5 |       8 |     903 |   0.9 | 34462
               +---------+---------+-------+---------+---------+-------+---------
           D:1 |       0 |      56 |   0.0 |       0 |      24 |   0.0 |  1123
           D:2 |       0 |     127 |   0.0 |       0 |      27 |   0.0 |   906
           D:3 |       0 |     301 |   0.0 |       0 |      21 |   0.0 |   804
           D:4 |       0 |     916 |   0.0 |       0 |      38 |   0.0 |  2155
           D:5 |       0 |     569 |   0.0 |       0 |      16 |   0.0 |  1082
           D:6 |       0 |    1387 |   0.0 |       0 |      37 |   0.0 |   875
           D:7 |       0 |    1463 |   0.0 |       0 |      25 |   0.0 |   746
           D:8 |       0 |     924 |   0.0 |       0 |      23 |   0.0 |  1208
           D:9 |       0 |    5283 |   0.0 |       0 |      46 |   0.0 |  1450
          D:10 |       0 |    1251 |   0.0 |       0 |      22 |   0.0 |   618
          D:11 |       0 |    8191 |   0.0 |       0 |      41 |   0.0 |   785
          D:12 |       0 |    3565 |   0.0 |       0 |      16 |   0.0 |   861
          D:13 |       0 |    4426 |   0.0 |       0 |      20 |   0.0 |  1575
          D:14 |       0 |   20107 |   0.0 |       0 |      42 |   0.0 |  1457
          D:15 |       0 |    7434 |   0.0 |       0 |      22 |   0.0 |   745
        Temple |       0 |      13 |   0.0 |       0 |       1 |   0.0 |    25
        Lair:1 |       0 |    5422 |   0.0 |       0 |      19 |   0.0 |  1239
        Lair:2 |       0 |    7630 |   0.0 |       0 |      30 |   0.0 |  1315
        Lair:3 |       0 |    6353 |   0.0 |       0 |      42 |   0.0 |  1248
        Lair:4 |       0 |    2665 |   0.0 |       0 |       9 |   0.0 |   929
        Lair:5 |       0 |   10505 |   0.0 |       0 |      37 |   0.0 |   938
        Lair:6 |       0 |   20201 |   0.0 |       0 |      65 |   0.0 |  1410
       Snake:1 |       0 |   17456 |   0.0 |       0 |      33 |   0.0 |  1009
         Orc:1 |       0 |    2191 |   0.0 |       0 |      16 |   0.0 |  1309
         Orc:2 |       0 |   15242 |   0.0 |       0 |      97 |   0.0 |  1199
         Elf:1 |       0 |   34627 |   0.0 |       0 |      53 |   0.0 |  3050
         Elf:2 |       0 |   31076 |   0.0 |       0 |      39 |   0.0 |  2245
         Elf:3 |       0 |   21762 |   0.0 |       0 |      29 |   0.0 |  1228
       Abyss:4 |    3593 |    4600 |  43.9 |       8 |       2 |  80.0 |   358
         IceCv |       0 |    3275 |   0.0 |       0 |      11 |   0.0 |   570
               +---------+---------+-------+---------+---------+-------+---------
